Tinkerbell, chaotic male elven Priest ----- ---------- |....## #-........| ---------------- |...| #|........| |............<.. ....| # .... ..| ------------ |..............| |..^.# # ..| |./?%.%+[(?| |..............| ---+-# # ...# |.m.)()?!?(| |..............| `##### # --# #+@/(.[%?![%| ----.----------- ### ### # ###|*+[)?@mm+)| ########## [ # # # ------------ # ### # # ### ----------|----- # # # ### # |..............| # ##### # #---------# |...............# [ ---.-# #|.....>.|# |...(..........|######## |...|# #|...._...# |..............|# # |...-# #..).....| ---------------- |...| --------- .... ----- Tinkerbell the Acolyte Experience level: 5 Strength: 14 Dexterity: 10 Constitution: 13 Intelligence: 8 Wisdom: 20 Charisma: 13 Health: 0(33) Energy: 81(81) Def: 6 Gold: 848 Moves: 2428 Dungeon seed: ao4IgZMrgHp28Ntg Game ID: Tinkerbell_1614036067 Your Inventory: Coins $ - 848 gold pieces Weapons a - a blessed +1 mace (weapon in hand) A - a +0 crossbow (alternate weapon; not wielded) B - 9 +0 crossbow bolts (in quiver) R - a +0 elven dagger Armor e - a +0 robe (being worn) n - a +0 small shield (being worn) q - a +0 studded leather armor (being worn) Comestibles c - a clove of garlic d - a sprig of wolfsbane p - a lembas wafer r - 4 food rations Scrolls t - a scroll of teleportation x - a blessed scroll of light D - a scroll of enchant armor H - a scroll of enchant weapon Q - a scroll of identify S - a scroll of confuse monster Spellbooks f - a spellbook of detect monsters g - a spellbook of detect food Potions b - 4 potions of holy water w - a potion of object detection L - a potion of healing Rings m - a cursed ring of aggravate monster T - a ring of warning Wands l - a wand of sleep (0:3) E - a wand of striking (0:6) P - a wand of create monster (0:14) Tools K - a blessed tallow candle (0:200) Gems N - 2 worthless pieces of violet glass Spells and supernatural/magical abilities: Name Level Category Fail Memory n - detect monsters 1 divination 0% 88% E - detect food 2 divination 14% 88% W - pray for help -- divine ? -- X - turn undead -- divine ? -- Your skills at the end: Fighting Skills Weapon Skills mace [Basic] Spellcasting Skills clerical spells [Basic] Final Attributes: You were piously aligned. You were sleep resistant. You were telepathic. You had infravision. You were held by a large mimic. You are dead. Vanquished creatures: 2 small mimics a yellow light a floating eye a homunculus a giant bat an acid blob 2 coyotes a hobbit 2 large kobolds a giant rat a yellow mold 6 gnomes 2 garter snakes 4 geckos 4 jackals a fox 4 sewer rats 9 grid bugs a bat 3 lichens 3 newts 51 creatures vanquished. Voluntary challenges: You were an atheist. You used a wielded weapon 53 times, starting on turn 5. You read items or engraved 3 times, starting on turn 2095. You never genocided any monsters. You never polymorphed an object. You never changed form. You used no wishes. You never split a pudding. You never wrote Elbereth's name. You never violated your personal moral code. Dungeon overview: The Dungeons of Doom: levels 1 to 6 Level 1 a long staircase Level 2 a long staircase Level 3 an altar to Poseidon, many fountains Level 4 some fountains Level 5 Level 6 <- You were here a general store, an altar to Athena History has recorded: On T:1 you entered the Dungeons of Doom to retrieve the Amulet of Yendor! On T:448 you reached level 2 of The Dungeons of Doom. On T:728 you reached level 3 of The Dungeons of Doom. On T:764 you advanced to experience level 2. On T:986 you reached level 4 of The Dungeons of Doom. On T:1120 you advanced to experience level 3. On T:1472 you reached level 5 of The Dungeons of Doom. On T:1808 you advanced to experience level 4. On T:2023 you reached level 6 of The Dungeons of Doom. On T:2392 you advanced to experience level 5. Score breakdown: Gold: 848 ( 9963 points) Experience: 5 levels (11141 points) Exploration: 6 levels ( 13.04%) (10000 points) Discoveries: 3 items ( 1.05%) ( 3067 points) Valuables value: (no points given unless you survive) Artifact value: 0 ( 0 points) Variety of kills: 21 monsters ( 5.51%) ( 7043 points) Turncount: 2428 turns ( -287 points) Survival: died (score multiplied by 80%) Total score: 32741 Latest messages: The small mimic bumps right into you! You miss it. You hit it. (3x) The small mimic hits! You kill the small mimic! You see here a small mimic corpse (5 zorkmids). You see here a silver saber (75 zorkmids). You see here a slime mold (17 zorkmids). You see here a violet gem (400 zorkmids). Wait! That's a large mimic! You hit it. The large mimic hits! The sleep ray hits it. (2x) The sleep ray bounces! The sleep ray hits it. You cannot escape from the large mimic! (3x) The large mimic hits! You die... Angmagssalik gratefully inherits all your possessions. Final status: Goodbye Tinkerbell the Priest, killed by a large mimic... You died in The Dungeons of Doom on dungeon level 6 with 32741 points, and 848 pieces of gold, after 2428 moves. You were level 5 with a maximum of 33 hit points when you died.